 Dungeon Crawl Stone Soup version 0.30-a0-585-g93115170b9 (webtiles) character file.

Game seed: 7375164847576272469

29050 Darkkill the Fighter (level 13, -4/123 HPs)
             Began as a Minotaur Hunter on Jan 2, 2023.
             Was an Initiate of Gozag.
             Slain by a death yak (21 damage)
             ... on level 2 of the Lair of Beasts.
             The game lasted 00:15:39 (12584 turns).

Darkkill the Fighter (Minotaur Hunter)             Turns: 12584, Time: 00:15:40

Health: -4/123     AC: 12    Str: 16    XL:     13   Next: 13%
Magic:  12/12      EV: 18    Int: 10    God:    Gozag
Gold:   444        SH:  0    Dex: 19    Spells: 12/12 levels left

rFire   + . .      SeeInvis +    a - +8 triple crossbow (drain)
rCold   . . .      Faith    .    (shield currently unavailable)
rNeg    . . .      Spirit   .    B - +3 ring mail of Indomitability {Int+4}
rPois   .          Reflect  .    (helmet restricted)
rElec   .          Harm     .    (no cloak)
rCorr   .          Rampage  .    c - +1 pair of gloves "Doinun" {rF+ SInv Stlth-}
Will    .....                    t - +1 pair of boots
Stlth   +++                      (no amulet)
HPRegen 0.40/turn                (no ring)
MPRegen 0.13/turn                (no ring)

@: no status effects
A: horns 2, retaliatory headbutt
a: Renounce Religion, Potion Petition, Call Merchant, Bribe Branch


You were on level 2 of the Lair of Beasts.
You worshipped Gozag.
Gozag was aware of your devotion.
You visited 4 branches of the dungeon, and saw 14 of its levels.

You collected 3867 gold pieces.
You spent 1547 gold pieces at shops.
You paid 1876 gold pieces to Gozag.

Inventory:

Hand Weapons
 a - a +8 triple crossbow of draining (weapon)
Missiles
 d - 2 boomerangs of dispersal {=f !f}
 g - 94 stones
 l - 33 poisoned darts
 p - 5 javelins
 y - 10 boomerangs
Armour
 c - the +1 pair of gloves "Doinun" (worn) {rF+ SInv Stlth-}
   (You acquired it on level 7 of the Dungeon)

   rF:        It protects you from fire.
   SInv:      It lets you see invisible.
   Stlth:     It makes you less stealthy.
 t - a +1 pair of boots (worn)
 B - the +3 ring mail of Indomitability (worn) {Int+4}
   (You found it on level 7 of the Dungeon)

   Int:       It affects your intelligence (+4).
Wands
 n - a wand of quicksilver (3)
 w - a wand of polymorph (3)
 D - a wand of flame (11)
 E - a wand of paralysis (5)
Scrolls
 b - a scroll of amnesia
 r - 3 scrolls of magic mapping
 u - a scroll of immolation
 v - 2 scrolls of fog
 x - 2 scrolls of teleportation
Potions
 e - a potion of cancellation
 f - 2 potions of attraction
 h - 2 potions of brilliance
 i - a potion of invisibility {unknown}
 j - 5 potions of haste
 m - a potion of berserk rage {unknown}
 o - a potion of might
 q - a potion of magic {unknown}
 s - a potion of mutation {unknown}
 z - a potion of flight {unknown}


   Skills:
 + Level 13.6 Fighting
 + Level 13.1 Ranged Weapons
 + Level 12.5 Dodging
 + Level 10.5 Stealth


You had 12 spell levels left.
You didn't know any spells.
Your spell library contained the following spells:

 Spells                   Type           Power      Damage    Failure   Level
 Freeze                   Ice            0%         1d3       58%         1
 Blink                    Tloc           0%         N/A       73%         2
 Cigotuvi's Dreadful Rot  Necr/Pois/Air  0%         N/A       73%         2
 Momentum Strike          Conj/Tloc      0%         3d8       73%         2
 Frozen Ramparts          Ice            0%         1d1       91%         3
 Hailstorm                Conj/Ice       0%         3d3       91%         3
 Lesser Beckoning         Tloc           0%         N/A       91%         3
 Ozocubu's Armour         Ice            0%         N/A       91%         3
 Summon Guardian Golem    Hex/Summ       0%         N/A       91%         3
 Dispel Undead            Necr           0%         3d6       100%        4
 Metabolic Englaciation   Hex/Ice        0%         N/A       100%        5
 Death Channel            Necr           0%         N/A       100%        6
 Orb of Destruction       Conj           0%         9d5       100%        7
 Ozocubu's Refrigeration  Ice            0%         4d7       100%        7
 Spellforged Servitor     Conj/Summ      0%         N/A       100%        7
 Simulacrum               Ice/Necr       Unusable   N/A       N/A         6

Dungeon Overview and Level Annotations

Branches:
Dungeon (9/15)             Temple (1/1) D:6            Lair (2/5) D:9
  Swamp (0/4) Lair:2          Orc (2/2) D:9             Elf (0/3) Orc:2
  Snake: Lair:2-3    Spider: Lair:2-3

Altars:
Ashenzari
Cheibriados
Dithmenos
Elyvilon
Fedhas
Gozag
Hepliaklqana
Kikubaaqudgha
Makhleb
Nemelex Xobeh
Okawaru
Qazlal
Ru
Sif Muna
Trog
Uskayaw
Vehumet
Wu Jian
Xom
Yredelemnul
Zin
The Shining One

Shops:
D:3 !   D:6 *   D:7 ?   D:8 ?   Orc:1 **   Orc:2 [:**(*

Annotations:
Lair:2 Fannar


Innate Abilities, Weirdness & Mutations

You have a pair of horns on your head.
You reflexively headbutt those who attack you in melee.


Message History

The death yak gores you!! The death yak completely misses you.
There are monsters nearby!
You shoot a bolt. The bolt hits the death yak!!!
You drain the death yak!
The death yak is almost dead.
The death yak is distracted by your dazzling golden aura.
The death yak gores you!
The death yak is distracted by your dazzling golden aura.
There are monsters nearby!
You shoot a bolt. The death yak bellows!
The bolt hits the death yak!!
You kill the death yak!
A cane toad comes into view.
The cane toad is distracted by your dazzling golden aura.
You shoot a bolt. The bolt hits the death yak!
The death yak is lightly wounded.
The death yak closely misses you. x2
There are monsters nearby!
You shoot a bolt. The bolt barely misses the death yak.
The bolt hits the death yak!
You drain the death yak.
The death yak is no longer distracted by gold.
The death yak is moderately wounded.
The death yak gores you!!
The death yak gores you but does no damage.
The death yak completely misses you.
The death yak is distracted by your dazzling golden aura.
The death yak misses you. You furiously retaliate!
You headbutt the death yak!
The death yak bellows!
There are monsters nearby!
You are too injured to fight recklessly!
You are too injured to fight recklessly!
You are too injured to fight recklessly!
You are too injured to fight recklessly!
You shoot a bolt. The bolt hits the death yak!!
You drain the death yak!
The death yak is almost dead.
The cane toad is no longer distracted by gold.
The cane toad is distracted by your dazzling golden aura.
The death yak gores you!
The death yak gores you but does no damage.
The death yak is distracted by your dazzling golden aura.
The death yak gores you!
You shoot a bolt.
The bolt completely misses the death yak.
The cane toad gives a loud, deep croak!
The death yak is no longer distracted by gold. x2
The cane toad is no longer distracted by gold.
The death yak gores you! The death yak completely misses you.
You furiously retaliate!
You headbutt the death yak, but do no damage.
The death yak gores you but does no damage.
You shoot a bolt. The bolt hits the death yak!!
The death yak is heavily wounded.
The death yak closely misses you. x3
You shoot a bolt.
The bolt hits the death yak but does no damage.
You drain the death yak.
The death yak is lightly wounded.
The death yak gores you!
* * * LOW HITPOINT WARNING * * *
The death yak misses you. You furiously retaliate!
You headbutt the death yak!
The death yak is distracted by your dazzling golden aura.
The death yak misses you. The death yak gores you.
* * * LOW HITPOINT WARNING * * *
The death yak bellows!
You feel better.
The death yak is distracted by your dazzling golden aura.
The death yak gores you!
* * * LOW HITPOINT WARNING * * *
The death yak bellows!
You shoot a bolt. The bolt hits the death yak!
You kill the death yak!
The death yak is no longer distracted by gold.
The death yak completely misses you. You furiously retaliate!
You headbutt the death yak! The death yak closely misses you.
You furiously retaliate!
You headbutt the death yak! You shoot a bolt.
The bolt barely misses the death yak.
The death yak is no longer distracted by gold.
The death yak gores you!
* * * LOW HITPOINT WARNING * * *
The death yak is distracted by your dazzling golden aura. x2
The death yak bellows!
Aiming: Quicksilver Bolt
Press: ? - help, Q - select action, (/) - cycle Shift-Dir - straight line, p - death yak The bolt of dispelling energy hits the death yak!
The death yak is almost dead.
The death yak is no longer distracted by gold.
The death yak is distracted by your dazzling golden aura.
The cane toad is distracted by your dazzling golden aura.
You shoot a bolt. The death yak bellows!
The cane toad gives a loud, deep croak!
The bolt hits the death yak but does no damage.
The death yak is no longer distracted by gold.
The death yak barely misses you. You furiously retaliate!
You headbutt the death yak. You shoot a bolt. The bolt hits the death yak!
The death yak is moderately wounded.
The death yak is no longer distracted by gold.
The death yak gores you!!
You die...
Your body crumbles into a pile of gold.

#..## .... ...# ## .
..##...# .. ...+...#
... #F.....#
....###Y##..#
......$@Y...#
............#
............#
............# P.###
♣...........##
....♣♣♣♣♣♣♣#...#.#....#
(...#♣≈§§§♣###.###...##
.....♣§>§§♣ #. #.....#
.....♣§§§§♣ .. ##...##


You could see 2 death yaks and a cane toad.

Vanquished Creatures
  An orc warlord (Orc:2)
  3 catoblepae
  4 death yaks (Lair:2)
  2 orc high priests
  Urug (Orc:2)
  2 bog bodies (Lair:2)
  4 orc knights (Orc:2)
  5 orc sorcerers
  Pikel (D:8)
  An oklob plant (Lair:1)
  A black mamba (Lair:1)
  Joseph (D:8)
  An elephant (Lair:2)
  Psyche (D:8)
  A cane toad (Lair:1)
  A rime drake (Lair:1)
  A kobold demonologist (D:9)
  2 komodo dragons
  3 trolls (Orc:2)
  Prince Ribbit (D:5)
  8 blink frogs (Lair:1)
  10 yaks
  5 wyverns
  2 basilisks
  2 swamp worms (Lair:2)
  4 wargs
  13 water moccasins
  4 ice beasts
  A sky beast (D:6)
  6 black bears
  25 orc warriors
  4 ogres
  5 wolves (Lair:2)
  3 centaurs
  2 phantoms
  3 kobold brigands
  Blork the orc (Orc:2)
  7 bullfrogs
  2 gnoll sergeants
  4 necrophages
  3 scorpions
  7 wights
  3 killer bees (D:7)
  2 electric eels
  3 howler monkeys (D:8)
  A hound (D:5)
  2 jellies
  11 orc priests
  14 orc wizards
  2 hound zombies (D:5)
  8 gnolls
  9 adders
  2 shadow imps
  2 white imps (D:6)
  2 worms
  3 dart slugs
  The ghost of purpskrrrp the Sneak, a weakling VSDe (D:6)
  27 orcs
  5 bats
  6 endoplasms
  3 giant cockroaches
  3 goblins
  4 hobgoblins
  4 jackals (D:2)
  24 kobolds
  3 quokkas
  7 ball pythons
  4 frilled lizards
  6 rats
319 creatures vanquished.

Vanquished Creatures (others)
  4 fungi
  6 plants
10 creatures vanquished.

Grand Total: 329 creatures vanquished

Notes
Turn   | Place    | Note
-------+----------+-------------------------------------------
     0 | D:1      | Darkkill the Minotaur Hunter began the quest for the Orb.
     0 | D:1      | Reached XP level 1. HP: 18/18 MP: 0/0
    91 | D:1      | Reached skill level 1 in Stealth
   269 | D:1      | Reached XP level 2. HP: 25/25 MP: 1/1
   374 | D:1      | Found a faded altar of an unknown god.
   787 | D:2      | Reached XP level 3. HP: 29/31 MP: 2/2
  1277 | D:2      | Reached XP level 4. HP: 26/38 MP: 3/3
  1559 | D:3      | Found Giziytto's Distillery.
  1567 | D:3      | Bought a potion of curing for 39 gold pieces
  1567 | D:3      | Bought a potion of curing for 39 gold pieces
  1800 | D:3      | Reached skill level 5 in Ranged Weapons
  1980 | D:3      | Found a white marble altar of Elyvilon.
  2335 | D:3      | Found a shadowy altar of Dithmenos.
  2335 | D:3      | Found a shimmering altar of Xom.
  2336 | D:3      | Found a glowing golden altar of the Shining One.
  2425 | D:4      | Noticed a scorpion
  2433 | D:4      | Killed a scorpion
  2434 | D:4      | Reached XP level 5. HP: 41/46 MP: 4/4
  2631 | D:4      | Identified the +2 war axe of Weahiuth {flame, rPois}
  2765 | D:4      | Noticed a black bear
  2776 | D:4      | Killed a black bear
  2777 | D:4      | Reached XP level 6. HP: 20/53 MP: 5/5
  2940 | D:4      | Found a glowing silver altar of Zin.
  3159 | D:5      | Entered Level 5 of the Dungeon
  3167 | D:5      | Found a stormy altar of Qazlal.
  3316 | D:5      | Found an ancient bone altar of Kikubaaqudgha.
  3360 | D:5      | Reached skill level 5 in Fighting
  3386 | D:5      | Reached XP level 7. HP: 33/61 MP: 6/6
  4010 | D:5      | Reached skill level 5 in Dodging
  4018 | D:5      | Found a basalt altar of Yredelemnul.
  4043 | D:5      | Noticed Prince Ribbit
  4082 | D:5      | HP: 2/62 [Prince Ribbit (12)]
  4086 | D:5      | Killed Prince Ribbit
  4087 | D:5      | Reached XP level 8. HP: 33/70 MP: 7/7
  4277 | D:5      | Identified a scroll of acquirement
  4277 | D:5      | Acquired a +7 triple crossbow of draining
  4469 | D:6      | Found a runed translucent door.
  4531 | D:6      | Found Fecsoid's General Store.
  4537 | D:6      | Bought a potion of curing for 33 gold pieces
  4537 | D:6      | Bought a potion of curing for 33 gold pieces
  4669 | D:6      | Noticed purpskrrrp's ghost (weakling VSDe)
  4868 | D:6      | Reached skill level 5 in Stealth
  4922 | D:6      | Reached XP level 9. HP: 79/79 MP: 8/8
  5006 | D:6      | Found a staircase to the Ecumenical Temple.
  5104 | D:6      | Killed purpskrrrp's ghost
  5404 | Temple   | Entered the Ecumenical Temple
  5404 | Temple   | Found a transporter.
  5404 | Temple   | Found a transporter.
  5406 | Temple   | Found a transporter.
  5406 | Temple   | Found a transporter.
  5420 | Temple   | Became a worshipper of Gozag Ym Sagoz the Greedy
  5734 | D:7      | Identified the +3 ring mail of Indomitability {Int+4}
  5941 | D:7      | Acquired 1072 gold pieces
  5951 | D:7      | Bought a scroll of acquirement for 624 gold pieces
  5951 | D:7      | Acquired the +1 pair of gloves "Doinun" {rF+ SInv Stlth-}
  5969 | D:8      | Noticed Joseph
  5975 | D:8      | Killed Joseph
  6064 | D:8      | Noticed Psyche
  6068 | D:8      | Killed Psyche
  6069 | D:8      | Reached XP level 10. HP: 77/91 MP: 9/9
  6545 | D:8      | Noticed Pikel
  6549 | D:8      | Killed Pikel
  6557 | D:8      | Found Tetsowasm's Magic Scroll Emporium.
  6710 | D:8      | Found an ornate altar of the Wu Jian Council.
  6710 | D:8      | Found a broken altar of Ashenzari.
  6710 | D:8      | Found an iron altar of Okawaru.
  6716 | D:8      | Found a hazy altar of Hepliaklqana.
  6956 | D:9      | Found a staircase to the Orcish Mines.
  7106 | D:9      | Reached skill level 10 in Fighting
  7106 | D:9      | Reached skill level 10 in Ranged Weapons
  7258 | D:9      | Found a staircase to the Lair.
  7287 | D:9      | Found a sacrificial altar of Ru.
  7607 | D:9      | Reached XP level 11. HP: 101/101 MP: 10/10
  7764 | Orc:1    | Entered Level 1 of the Orcish Mines
  7782 | Orc:1    | Noticed an orc sorcerer
  7784 | Orc:1    | Noticed a sixfirhy
  7785 | Orc:1    | Killed an orc sorcerer
  7866 | Orc:1    | Noticed an orc high priest
  7868 | Orc:1    | Noticed a soul eater
  7873 | Orc:1    | HP: 16/92 [orc warrior/+0 glaive[an orc high priest] (11)]
  8052 | Orc:1    | Reached skill level 10 in Dodging
  8101 | Orc:1    | Noticed an orc sorcerer
  8103 | Orc:1    | Noticed a sixfirhy
  8104 | Orc:1    | Killed an orc sorcerer
  8107 | Orc:1    | Killed an orc high priest
  8452 | Orc:1    | Found Tuyl Rae's Specific Store.
  8454 | Orc:1    | Found Doreciud's General Store.
  8624 | Orc:2    | Entered Level 2 of the Orcish Mines
  8637 | Orc:2    | Noticed an orc sorcerer
  8643 | Orc:2    | Killed an orc sorcerer
  9464 | Orc:2    | Found a staircase to the Elven Halls.
  9532 | Orc:2    | Noticed Blork the orc
  9536 | Orc:2    | Killed Blork the orc
  9548 | Orc:2    | Noticed an orc sorcerer
  9550 | Orc:2    | Killed an orc sorcerer
  9552 | Orc:2    | Noticed an orc knight
  9559 | Orc:2    | Noticed an orc sorcerer
  9560 | Orc:2    | Killed an orc knight
  9562 | Orc:2    | Killed an orc sorcerer
  9592 | Orc:2    | Noticed Urug
  9595 | Orc:2    | Killed Urug
  9640 | Orc:2    | Noticed an orc high priest
  9642 | Orc:2    | Killed an orc high priest
  9672 | Orc:2    | Noticed an orc warlord
  9681 | Orc:2    | Killed an orc warlord
  9682 | Orc:2    | Reached XP level 12. HP: 69/112 MP: 11/11
  9805 | Orc:2    | HP: 17/112 [orc knight/+2 battleaxe (14)]
 10075 | Orc:2    | Found Cehah's Antique Armour Boutique.
 10083 | Orc:2    | Found Qucw's Book Boutique.
 10386 | Orc:2    | Found Vunit's General Store.
 10481 | Orc:2    | Found Peve's Antique Weapon Boutique.
 10487 | Orc:2    | Bought a scorched broad axe for 243 gold pieces
 10487 | Orc:2    | Identified the +8 broad axe "Jellyslayer" {pain, Int+6}
                  | (You bought it in a shop on level 2 of the Orcish Mines)
 10499 | Orc:2    | Bought a scroll of teleportation for 87 gold pieces
 10499 | Orc:2    | Bought a scroll labelled REX TEWUHO for 29 gold pieces
 10499 | Orc:2    | Bought a runed scale mail for 203 gold pieces
 10499 | Orc:2    | Bought a pair of embroidered gloves for 217 gold pieces
 10806 | Lair:1   | Entered Level 1 of the Lair of Beasts
 10851 | Lair:1   | Noticed a catoblepas
 10857 | Lair:1   | Killed a catoblepas
 11264 | Lair:1   | Noticed a catoblepas
 11268 | Lair:1   | Killed a catoblepas
 11271 | Lair:1   | Reached skill level 10 in Stealth
 11531 | Lair:1   | Found a glowing golden altar of the Shining One.
 12187 | Lair:2   | Noticed a death yak
 12188 | Lair:2   | Noticed a death yak
 12189 | Lair:2   | Noticed a death yak
 12189 | Lair:2   | Noticed a death yak
 12191 | Lair:2   | Noticed a death yak
 12191 | Lair:2   | Noticed a death yak
 12194 | Lair:2   | Noticed Fannar
 12212 | Lair:2   | Noticed a catoblepas
 12221 | Lair:2   | Killed a catoblepas
 12486 | Lair:2   | Found a staircase to the Swamp.
 12550 | Lair:2   | Reached XP level 13. HP: 122/122 MP: 12/12
 12579 | Lair:2   | HP: 21/122 [death yak (9)]
 12584 | Lair:2   | Slain by a death yak

Illustrated notes

Levels and vault maps discovered:
D:1:      minmay_arrival_open_corners, layout_loops_cross,
          hellmonk_ecumenical_altar_crossroads
D:2:      minmay_skewed_foursquare, layout_rooms, minmay_misc_feat_x,
          corexii_shack, hangedman_abyss_or_decor_stabs, serial_park_tiny_pond
D:3:      layout_loops_corners, gammafunk_temple_overflow_claw,
          mainiacjoe_overflow_brackets, serial_shops, shop
D:4:      layout_loops_ring, mainiacjoe_overflow_boulevard
D:5:      cheibrodos_helix_gallery, layout_basic, kennysheep_little_box,
          lemuel_zombie_altar_yredelemnul, mainiacjoe_overflow_24_doors,
          minmay_misc_feat_rows, uniq_prince_ribbit1
D:6:      layout_basic, minmay_temple_entry_from_below_a, serial_shops, shop,
          ebering_ghost_sewer_d, amcnicky_mini_pool_medium
D:7:      layout_cave_pools
D:8:      layout_basic, grunt_temple_overflow_cloverleaf, glass_columns_a,
          nicolae_take_the_stairs, nicolae_nh_ransacked_shop, uniq_pikel,
          uniq_joseph, uniq_psyche
D:9:      layout_basic, nicolae_ru_awakened_eye, minmay_lair_entry_grove,
          david_orc_3
Temple:   hellmonk_temple_divided_pantheon
Lair:1:   dreamdust_cave_troll, layout_layer_cave, minivault_19,
          lemuel_oklob_altar, grunt_megastairs_4
Lair:2:   layout_regular_city, nicolae_swamp_entry_splash_gauntlet,
          nicolae_spider_entry_lesser_pyramids, gammafunk_ghost_icy,
          dreamdust_gnoll_shepherd, lemuel_fruit_tree, uniq_fannar,
          uniq_gastronok
Orc:1:    layout_diamond_mine, nicolae_specific_store
Orc:2:    grunt_orc_cross, layout_caves, sword_in_stone

Skill      XL: |  1  2  3  4  5  6  7  8  9 10 11 12 13 |
---------------+----------------------------------------+-----
Stealth        | 1 2 3 4 5 6 7 9 10 | 10.5
Fighting       | 3 4 5 6 7 9 10 12 13 | 13.6
Dodging        | 3 4 5 6 8 9 11 12 | 12.5
Ranged Weapons | 5 6 7 9 10 11 12 13 | 13.1

Action                   |  1- 3 |  4- 6 |  7- 9 | 10-12 | 13-15 || total
-------------------------+-------+-------+-------+-------+-------++-------
Melee: War axe           |       |     6 |    22 |       |       ||    28
       Headbutt          |       |     1 |     4 |       |       ||     5
       Punch             |       |       |     1 |       |       ||     1
 Fire: Shortbow          |   111 |   117 |    44 |       |       ||   272
       Triple crossbow   |       |       |   114 |   402 |    22 ||   538
Invok: Call Merchant     |       |       |     1 |     2 |       ||     3
Evoke: Wand              |       |       |       |     1 |     1 ||     2
  Use: Scroll            |     8 |     9 |     8 |     7 |       ||    32
       Potion            |       |     2 |     2 |     9 |     1 ||    14
Armor: Leather armour    |    21 |    19 |    31 |       |       ||    71
       Ring mail         |       |       |     1 |    97 |     3 ||   101
Dodge: Dodged            |    47 |    41 |    83 |   245 |    16 ||   432

Table legend: (Time is in decaauts)
 A = Elapsed time spent in this place.
 B = Non-inter-level travel time spent in this place.
 C = Inter-level travel time spent in this place.
 D = Time resting spent in this place.
 E = Time spent auto-exploring this place.
 F = Levels seen in this place.
 G = Mean time per level.
                   A        B        C        D        E       F      G
               +--------+--------+--------+--------+--------+-----+--------+
         Total |  13139 |  12576 |    563 |   1506 |   8737 |  14 |  938.5 |
       Dungeon |   8193 |   7698 |    495 |    253 |   6048 |   9 |  910.3 |
        Temple |     44 |     44 |      0 |      0 |      1 |   1 |   44.0 |
          Lair |   1881 |   1862 |     19 |      0 |   1522 |   2 |  940.5 |
  Orcish Mines |   3019 |   2970 |     49 |   1253 |   1166 |   2 | 1509.5 |
               +--------+--------+--------+--------+--------+-----+--------+

Top non-repeatable levels by time:
   Orc:2: 2254 daAuts
  Lair:1: 1433 daAuts
     D:5: 1261 daAuts
     D:9: 1076 daAuts
     D:6: 1036 daAuts
     D:8: 1012 daAuts
     D:3: 913 daAuts
     D:2: 904 daAuts
     D:4: 791 daAuts
   Orc:1: 765 daAuts
     D:1: 609 daAuts
     D:7: 587 daAuts
  Lair:2: 447 daAuts
  Temple: 44 daAuts

Table legend:
 A = Kills in this place as a percentage of kills in entire the game.
 B = Kills by you in this place as a percentage of kills by you in the entire game.
 C = Kills by friends in this place as a percentage of kills by friends in the entire game.
 D = Other kills in this place as a percentage of other kills in the entire game.
 E = Experience gained in this place as a percentage of experience gained in the entire game.
 F = Experience gained in this place divided by the number of levels of this place that you have seen.
                   A       B       C       D       E      F
               +-------+-------+-------+-------+-------+----------------------
         Total | 100.0 | 100.0 |   N/A |   N/A | 100.0 | 2964.3
       Dungeon |  61.1 |  61.1 |   N/A |   N/A |  27.8 | 1281.4
          Lair |  14.7 |  14.7 |   N/A |   N/A |  37.0 | 7675.0
  Orcish Mines |  24.1 |  24.1 |   N/A |   N/A |  35.2 | 7308.5
               +-------+-------+-------+-------+-------+----------------------
